[Event "*** SCC Grand Prix: Titled Tuesday Blitz"]
[Site "Chess.com"]
[Date "2020.08.25"]
[Round "1"]
[White "fianchettoer"]
[Black "sertalzin"]
[Result "1-0"]
[WhiteElo "2463"]
[BlackElo "1874"]
[TimeControl "180+1"]
[EndTime "10:08:13 PDT"]
[Termination "fianchettoer won on time"]

1. Nf3 c5 2. e3 e6 3. c4 Nf6 4. Nc3 Nc6 5. b3 d5 6. cxd5 exd5 7. d4 Bd6 8. Bb5 O-O 9. dxc5 Bxc5 10. O-O Bg4 11. Bb2 a6 12. Be2 h6 13. h3 Be6 14.
Rc1 Qe7 15. Na4 Ba3 16. Qc2 Bxb2 17. Qxb2 Rac8 18. Rfd1 Ne4 19. Nc3 Qf6 20. Qa1 Nxc3 21. Qxc3 Qxc3 22. Rxc3 Ne7 23. Rxc8 Rxc8 24. Nd4 Nf5 25.
Nxf5 Bxf5 26. Rxd5 Rc1+ 27. Kh2 Be4 28. Rd4 Bc6 29. Rd2 Kf8 30. Kg3 Ke7 31. f3 Rc3 32. Kf2 Rc1 33. Bd1 Rc5 34. f4 Rd5 35. Rxd5 Bxd5 36.
Bf3 Kd6 37. e4 Bc6 38. e5+ Kc5 39. Bxc6 Kxc6 40. Ke3 Kd5 41. Kd3 h5 42. h4 g6 43. a3 a5 44. a4 Kc5 45. Ke4 Kb4 46. f5 gxf5+ 47. Kxf5 Kxb3 48. Kf6 Kxa4 49. Kxf7 b5 50. e6 b4 51. e7 b3 52. e8=Q+ Ka3 53.
Qe1 a4 54. Qc1+ Ka2 55. Qc4 a3 56. Kg6 Kb2 57. Qe2+ Kc3 58. Kxh5 1-0

[Event "*** SCC Grand Prix: Titled Tuesday Blitz"]
[Site "Chess.com"]
[Date "2020.08.25"]
[Round "1"]
[White "Rozum_Ivan"]
[Black "Chessdemon2019"]
[Result "1-0"]
[WhiteElo "2706"]
[BlackElo "2366"]
[TimeControl "180+1"]
[EndTime "10:08:14 PDT"]
[Termination "Rozum_Ivan won by resignation"]

1. d4 Nf6 2. Nf3 b6 3. c4 e6 4.
a3 Bb7 5. Nc3 Be7 6. d5 O-O 7.
e4 d6 8. Be2 e5 9. O-O h6 10.
b4 a5 11. Rb1 axb4 12. axb4 Nbd7 13. Be3 Ng4 14. Bd2 Kh7 15. Ne1 Ngf6 16. Nd3 Ba6 17. Qb3 g5 18. Ra1 Bb7 19. Qb2 Ne8 20. Nd1 f5 21.
exf5 Bf6 22. Rxa8 Qxa8 23. Bc3 b5 24. cxb5 Bxd5 25. Ne3 Be4 26. Ra1 Qb7 27. f3 Bxd3 28. Bxd3 Qb6 29. Qf2 Ng7 30. Nd5 Qxf2+ 31. Kxf2 Nb6 32.
Ne3 Kg8 33. Ra7 Rc8 34. Ng4 Nh5 35. Nxh6+ Kg7 36. Ng4 Nd5 37. Bd2 e4 38. Nxf6 e3+ 39. Bxe3 Nhxf6 40. Bxg5 Nd7 41. Be4 Nxb4 42. Bd2 d5 43. Bb1 Nc5 44. Bxb4 Nb3 45. Bc3+ d4 46. Bc2 dxc3 47. Bxb3 Kf6 48. Ra6+ Kxf5 49. Rc6 Rb8 50. Rc5+ Kf6 51. Bc2 Ke6 52. h4 Kf6 53. h5 Kg7 54. g4 Kh6 55. f4 c6 56. Rxc6+ Kg7 57. h6+ Kh8 58. b6 Rd8 59. Ke3 Rd2 60. Rc8+ 1-0

[Event "*** SCC Grand Prix: Titled Tuesday Blitz"]
[Site "Chess.com"]
[Date "2020.08.25"]
[Round "1"]
[White "RaunakSadhwani2005"]
[Black "kobemagic"]
[Result "1-0"]
[WhiteElo "2862"]
[BlackElo "2427"]
[TimeControl "180+1"]
[EndTime "10:08:15 PDT"]
[Termination "RaunakSadhwani2005 won on time"]

1. e4 c5 2. b3 Nc6 3. Bb2 d6 4. Bb5 Nf6 5. Qe2 Bd7 6. f4 e6 7.
Nf3 Be7 8. Nc3 O-O 9. Bxc6 Bxc6 10. O-O-O b5 11. e5 dxe5 12. Nxe5 Bb7 13. Nxb5 Nd5 14. d4 Qa5 15. a4 cxd4 16. Nxd4 Nxf4 17. Qe1 Qxe1 18.
Rhxe1 Nxg2 19. Rg1 Nf4 20. Rdf1 Ng6 21. Nc4 Rac8 22. Rd1 Bd5 23. Ne3 Be4 24. Nb5 Bc5 25. Bd4 a6 26. Bxc5 Rxc5 27. Nd6 Bf3 28. Rd2 Ba8 29. c4 Ne5 30. Rgd1 Rc6 31. Kb2 h6 32. Nc2 Rb8 33. Ka2 a5 34. Nb5 Kh7 35. Rd8 Rxd8 36.
Rxd8 Bb7 37. Rb8 Ba6 38. Ncd4 Bxb5 39. axb5 Rd6 40. Nc2 Rd2 41. Kb1 Nd3 42. Rd8 Rd1+ 43. Ka2 Nc1+ 44. Kb2 Rxd8 45. Kxc1 Rb8 46. Na3 f5 47. c5 f4 48. Kd1 g5 49. c6 g4 50. c7 Rc8 51. b6 g3 52. hxg3 fxg3 53. Ke2 g2 54. Kf2 Rg8 55. Kg1 Kg6 56. b7 1-0

[Event "*** SCC Grand Prix: Titled Tuesday Blitz"]
[Site "Chess.com"]
[Date "2020.08.25"]
[Round "1"]
[White "geordie_derraugh"]
[Black "Gabrielian_Artur"]
[Result "0-1"]
[WhiteElo "2368"]
[BlackElo "2708"]
[TimeControl "180+1"]
[EndTime "10:08:15 PDT"]
[Termination "Gabrielian_Artur won on time"]

1. e4 c5 2. Nf3 d6 3. Bb5+ Nd7 4. d4 cxd4 5. Qxd4 a6 6. Bxd7+ Bxd7 7. c4 Nf6 8. Nc3 g6 9. e5 dxe5 10. Nxe5 Bg7 11.
Nxd7 Qxd7 12. Qxd7+ Kxd7 13. Na4 Kc6 14. Be3 Ng4 15. Rc1 Nxe3 16. fxe3 Rhd8 17. Ke2 Rd7 18. Rhd1 Rad8 19. Rxd7 Rxd7 20. Rc2 f5 21. Nc3 e6 22. b4 Be5 23. g3 h5 24. a4 h4 25. gxh4 Rh7 26. b5+ Kc5 27. bxa6 bxa6 28. Nb1 Rxh4 29.
Nd2 Rxh2+ 30. Kd3 g5 31. Rc1 g4 32. Nb3+ Kb4 33. Nd4 Bxd4 34. Kxd4 Rd2+ 35. Ke5 Re2 36. Kxe6 f4 37. c5 Rxe3+ 38. Kf5 f3 39. Kxg4 f2 40.
Rf1 Kxc5 41. Rxf2 a5 42. Rf4 Rb3 43. Kf5 Rb4 44. Rf1 Rxa4 45. Ke5 Rc4 46. Ra1 a4 47. Ke6 Re4+ 48. Kf5 Rc4 49. Ke5 Rh4 50. Rb1 Kc4 51. Rb8 Kc3 52. Kd5 a3 53. Rc8+ Kb3 54. Rb8+ Rb4 55. Rh8 a2 56. Rh3+ Ka4 0-1

[Event "*** SCC Grand Prix: Titled Tuesday Blitz"]
[Site "Chess.com"]
[Date "2020.08.25"]
[Round "1"]
[White "alexgo05"]
[Black "Bulldog167"]
[Result "1/2-1/2"]
[WhiteElo "2358"]
[BlackElo "2675"]
[TimeControl "180+1"]
[EndTime "10:08:15 PDT"]
[Termination "Game drawn by repetition"]

1. e4 e5 2. Nf3 d6 3. d4 exd4 4. Nxd4 Nf6 5. Nc3 Be7 6. Bf4 O-O 7.
Qd2 c6 8. O-O-O b5 9. f3 b4 10.
Nb1 c5 11. Nb5 Nc6 12. Nxd6 Nd4 13. Nxc8 Rxc8 14. Bc4 Nd7 15. c3 Nb6 16. Ba6 Rc6 17. Bb7 Rg6 18. cxd4 Nc4 19. Qd3 Bg5 20. g3 Bxf4+ 21.
gxf4 Na5 22. Bd5 c4 23. Bxc4 Nxc4 24. Qxc4 Qb6 25. Kd2 Rg2+ 26. Ke3 Rxb2 27. Rc1 b3 28. a3 Ra2 29. Nc3 Rxa3 30. Ra1 Rxa1 31. Rxa1 h6 32.
Rb1 Rb8 33. Nd5 Qa5 34. Ne7+ Kh7 35. Nc6 Qa2 36. Qd3 Rb6 37. e5+ Kg8 38. d5 Qa4 39. d6 Qxc6 40. d7 Qc5+ 41. Ke2 Rb8 42. d8=Q+ Rxd8 43. Qxd8+ Kh7 44. Qd3+ Kg8 45. Rxb3 Qg1 46. Qd8+ Kh7 47. Qd3+ g6 48. Qe3 Qxh2+ 49. Qf2 Qxf4 50. Rb7 Qc4+ 51. Ke1 Qc1+ 52. Ke2 Qc4+ 53. Ke1 Qc1+ 54.
Ke2 Qc4+ 1/2-1/2

[Event "*** SCC Grand Prix: Titled Tuesday Blitz"]
[Site "Chess.com"]
[Date "2020.08.25"]
[Round "1"]
[White "Reader777"]
[Black "filali-marouan"]
[Result "1-0"]
[WhiteElo "2684"]
[BlackElo "2349"]
[TimeControl "180+1"]
[EndTime "10:08:16 PDT"]
[Termination "Reader777 won by resignation"]

1. d4 c6 2. c4 d5 3. Nf3 Nf6 4. Nc3 e6 5. e3 Bd6 6. Bd3 Nbd7 7. O-O a6 8. b3 c5 9. cxd5 exd5 10.
Bb2 O-O 11. Na4 c4 12. bxc4 dxc4 13. Bc2 b5 14. Nc3 Bb7 15. a3 Re8 16. Re1 Ne4 17. Nxe4 Bxe4 18. Bxe4 Rxe4 19. Qc2 Nf6 20. Ne5 Rh4 21. g3 Rh6 22. Qf5 Qc8 23. Qf3 Rb8 24.
Nc6 Rb7 25. d5 Qh3 26. e4 Qxh2+ 27. Kf1 Qh1+ 28. Qxh1 Rxh1+ 29. Kg2 Rxe1 30. Rxe1 Bc5 31. f3 h6 32. Rd1 a5 33. Nxa5 Ra7 34. Nc6 Ra6 35.
Rb1 Bxa3 36. Bxa3 Rxa3 37. Rxb5 c3 38. Rc5 Nd7 39. Rc4 Nb6 40. Ne7+ Kf8 41. Rc7 c2 42.
Nf5 Ra2 43. Kh3 Ke8 44. Nd4 Kd8 45. Rxc2 Ra3 46. Rc5 Nd7 47. Rb5 Ne5 48. f4 Ra4 49.
Nf5 Nf3 50. Nxg7 Ra2 51. Rb7 h5 52. Nxh5 Nd4 53. Kg4 f5+ 54. exf5 Ra7 55. Rxa7 1-0

[Event "*** SCC Grand Prix: Titled Tuesday Blitz"]
[Site "Chess.com"]
[Date "2020.08.25"]
[Round "1"]
[White "hellokostya"]
[Black "Guenplen"]
[Result "1-0"]
[WhiteElo "2459"]
[BlackElo "2903"]
[TimeControl "180+1"]
[EndTime "10:08:17 PDT"]
[Termination "hellokostya won on time"]

1. d4 d5 2. c4 e6 3. Nf3 Nf6 4. Nc3 a6 5. cxd5 exd5 6. Bf4 c5 7.
e3 c4 8. g3 Bb4 9. a3 Ba5 10.
Bg2 Ne4 11. Rc1 Nc6 12. O-O Bxc3 13. bxc3 O-O 14. h4 h6 15. Nd2 Nxd2 16. Qxd2 g5 17. hxg5 hxg5 18. e4 gxf4 19. Qxf4 Ne7 20. Rfe1 Ng6 21.
Qh6 Qf6 22. exd5 Bf5 23. Re5 Bd3 24. Rh5 Qg7 25. Qg5 Rad8 26. Re1 Rd6 27. Re3 b5 28. Bh3 Rf6 29. f4 a5 30. Kh2 b4 31. axb4 axb4 32.
cxb4 Rb6 33. f5 Nh8 34. Qh4 Rf6 35. Rg5 Ng6 36. fxg6 Rxg6 37. Ree5 c3 38. Rxg6 Bxg6 39. d6 c2 40. Rc5 Qh7 41. Qxh7+ Kxh7 42. d7 Rd8 43.
Rc8 Kg7 44. Rxd8 c1=Q 45. Rg8+ Kxg8 46. d8=Q+ Kg7 47. Qe7 Qd2+ 48. Bg2 Qxd4 49. Qc5 Qd2 50. b5 Qh6+ 51. Kg1 Qd2 52. b6 Qe2 53. Qd4+ Kh7 54. b7 Qe1+ 55. Kh2 Qb1 56. Qf4 Qb5 57. b8=Q Qh5+ 58.
Kg1 Qd1+ 59. Bf1 Qc2 60. Qh4+ 1-0

[Event "*** SCC Grand Prix: Titled Tuesday Blitz"]
[Site "Chess.com"]
[Date "2020.08.25"]
[Round "1"]
[White "MaxLeto"]
[Black "Gusarov91"]
[Result "0-1"]
[WhiteElo "2306"]
[BlackElo "2643"]
[TimeControl "180+1"]
[EndTime "10:08:17 PDT"]
[Termination "Gusarov91 won on time"]

1. g4 d5 2. Bg2 c6 3. g5 e5 4. d4 e4 5. c4 Bb4+ 6. Nc3 Ne7 7. Qb3 a5 8. Bf4 Be6 9. c5 Nd7 10. h4 b6 11. a3 Bxc3+ 12. Qxc3 b5 13. h5 g6 14. Nh3 gxh5 15. Bd2 Bxh3 16. Rxh3 h4 17. Rxh4 Ng6 18. Rh6 Ndf8 19. Qg3 Ne6 20.
Be3 Qb8 21. Qg4 Nef4 22. Bh1 Qc8 23. Qg3 Qf5 24. b3 a4 25. b4 Rc8 26. Kd2 Ne6 27.
Rg1 Ng7 28. Bg2 Qd7 29. Bh3 Ne6 30. Qg4 Rd8 31. Qh5 Ngf8 32. Rg4 Ng7 33. Qh4 Nf5 34. Rf4 Nxh4 35. Bxd7+ Rxd7 36. Rfxh4 Rg8 37. Rxc6 Rg6 38.
Rb6 Rxb6 39. cxb6 Rb7 40. Rh6 Ng6 41. Rxh7 Rxb6 42. Rg7 Kf8 43. Rh7 Rc6 44. Rh1 Ke7 45. f3 exf3 46. exf3 Ke6 47. Re1 Kf5 48. Kd3 Rc4 49. Bd2 Rc8 50. Re2 f6 51. gxf6 Kxf6 52. Rg2 Rh8 53. Rg5 Rh3 54. Rxd5 Rxf3+ 55. Ke4 Rxa3 56.
Rxb5 Ra2 57. Rb6+ Kf7 58. Bg5 a3 59. Rb7+ Ke8 60. Kf5 Nf8 0-1

[Event "*** SCC Grand Prix: Titled Tuesday Blitz"]
[Site "Chess.com"]
[Date "2020.08.25"]
[Round "1"]
[White "GMHess"]
[Black "bsnsun"]
[Result "1-0"]
[WhiteElo "2801"]
[BlackElo "2406"]
[TimeControl "180+1"]
[EndTime "10:08:18 PDT"]
[Termination "GMHess won by resignation"]

1. e4 c5 2. Nc3 Nc6 3. Bb5 Nd4 4.
Bc4 g6 5. Nf3 Bg7 6. Nxd4 cxd4 7. Qf3 f5 8. Ne2 Qa5 9. O-O e6 10. d3 Ne7 11. exf5 Qxf5 12. Qxf5 Nxf5 13. Ng3 O-O 14. Nxf5 Rxf5 15. f4 b6 16. g4 Rf8 17.
f5 gxf5 18. gxf5 Kh8 19. Bd2 Bb7 20. fxe6 dxe6 21. Bxe6 Rae8 22. Rae1 Rxf1+ 23. Kxf1 Bf6 24. Bb3 Rf8 25. Kg1 Bh4 26. Rf1 Re8 27. Rf4 Bg5 28. Rf2 Bh4 29. Rf7 Ba8 30. Rf4 Bg5 31. Rf2 Bh4 32. Rf4 Bg5 33. Rf2 Bh4 34. Rf5 a5 35. Bd5 Bxd5 36. Rxd5 Re2 37. Bh6 Kg8 38. Rh5 Bf6 39.
Rf5 Be7 40. Rf2 Re6 41. Bf4 a4 42. Kg2 b5 43. a3 Bh4 44. Bg3 Bg5 45. Kf3 Be3 46. Re2 Rf6+ 47. Ke4 Kf7 48. Kd5 Rf5+ 49. Kc6 Ke6 50. c3 Kf7 51. cxd4 Bxd4 52. Bd6 Kf6 53. Be7+ Kf7 54. Bb4 Kf6 55. Bc3 Rc5+ 56. Kd6 Rxc3 57. bxc3 Bxc3 58. Kc5 b4 59. axb4 a3 60. Ra2 Bb2 61.
b5 Ke5 62. b6 Ke6 63. b7 1-0

[Event "*** SCC Grand Prix: Titled Tuesday Blitz"]
[Site "Chess.com"]
[Date "2020.08.25"]
[Round "1"]
[White "maxip32"]
[Black "TigrVShlyape"]
[Result "1/2-1/2"]
[WhiteElo "2435"]
[BlackElo "2854"]
[TimeControl "180+1"]
[EndTime "10:08:20 PDT"]
[Termination "Game drawn by agreement"]

1. e4 c5 2. Nf3 e6 3. d3 Nc6 4. g3 d6 5. Bg2 Be7 6. c3 Nf6 7. O-O O-O 8. Re1 e5 9. h3 h6 10. d4 Re8 11. dxe5 dxe5 12. Qe2 Bf8 13. a4 b6 14. Na3 Na5 15. Nd2 Bb7 16. Nac4 Ba6 17.
Bf1 Nxc4 18. Nxc4 Qc8 19. Kg2 Qe6 20. b3 Bb7 21. f3 Nh5 22. Kh2 Nf6 23. Bg2 Rad8 24.
Rb1 Ba6 25. Bf1 g6 26. Qf2 Bg7 27. Be3 h5 28. h4 Kh7 29. Bg5 Bh6 30. Ne3 Bxf1 31.
Rxf1 Kg7 32. Bxf6+ Qxf6 33. Nd5 Qc6 34. c4 Re6 35. Rbe1 Rde8 36. Re2 Kg8 37. Qg2 a6 38. f4 exf4 39. gxf4 Kh8 40. e5 Bg7 41. Qf3 Qc8 42.
Rg1 b5 43. axb5 axb5 44. cxb5 Qd8 45. b6 Qxh4+ 46. Kg2 Qd8 47. Rh1 Kg8 48. Rd2 Qb8 49. b7 Kf8 50. Nc3 R6e7 51. Ne4 Qxb7 52. Nxc5 Qxf3+ 53. Kxf3 Rc7 54. b4 Kg8 55. Rd7 Rxd7 56. Nxd7 Rc8 57. Rb1 Rc7 58. Nc5 Bf8 59. Ne4 Be7 60. b5 Rb7 61. Nc3 f6 62. Nd5 fxe5 63. fxe5 Kf7 64.
Ke4 Bd8 65. Nf4 h4 66. Rf1 g5 67. Nd5+ Ke8 68. Rb1 g4 1/2-1/2

[Event "*** SCC Grand Prix: Titled Tuesday Blitz"]
[Site "Chess.com"]
[Date "2020.08.25"]
[Round "1"]
[White "TokChess"]
[Black "Sanan_Sjugirov"]
[Result "0-1"]
[WhiteElo "2427"]
[BlackElo "2871"]
[TimeControl "180+1"]
[EndTime "10:08:21 PDT"]
[Termination "Sanan_Sjugirov won by resignation"]

1. Nf3 d5 2. g3 Bg4 3. Bg2 c6 4. d4 e6 5. O-O Nf6 6. Nbd2 Be7 7.
Re1 O-O 8. e4 Bh5 9. c3 a5 10.
a4 Qb6 11. e5 Nfd7 12. Nb3 c5 13. dxc5 Nxc5 14. Nbd4 Nc6 15. Nb5 Ne4 16. Be3 Bc5 17. Bxc5 Qxc5 18. Nbd4 Nxe5 19. Qc2 Ng4 20. Rf1 Rac8 21.
Rae1 Qb6 22. Qb3 Qxb3 23. Nxb3 b6 24. h3 Ngf6 25. g4 Bg6 26. Ne5 Rfd8 27. Re3 Nc5 28. Nxc5 bxc5 29. Nxg6 hxg6 30. f4 Rb8 31. Rf2 c4 32. f5 exf5 33. gxf5 gxf5 34. Re5 g6 35. Rd2 Rb6 36. Re7 Rdb8 37. Bxd5 Nxd5 38. Rxd5 Rxb2 39.
Ree5 Rc2 40. Rb5 Rxb5 41. Rxb5 Rxc3 42. Kg2 Ra3 43. Rxa5 Kg7 44. Ra7 c3 45. Rc7 Ra2+ 46.
Kg3 c2 47. a5 Rxa5 48. Rxc2 Ra3+ 49. Kg2 Kh6 50. Rc4 Kg5 51. Rb4 Re3 52. Rc4 Re4 53. Rc5 Kh4 54. Rc3 Re2+ 55. Kf1 Ra2 56. Rc7 Kxh3 57.
Rxf7 Kg4 58. Rg7 g5 59. Rb7 f4 60. Rb4 Kg3 61. Rb3+ f3 62. Rb8 Ra1+ 0-1

[Event "*** SCC Grand Prix: Titled Tuesday Blitz"]
[Site "Chess.com"]
[Date "2020.08.25"]
[Round "1"]
[White "Kotofeyca"]
[Black "LikeWater"]
[Result "1-0"]
[WhiteElo "2319"]
[BlackElo "2622"]
[TimeControl "180+1"]
[EndTime "10:08:23 PDT"]
[Termination "Kotofeyca won on time"]

1. d4 Nf6 2. c4 e6 3. Nf3 c5 4. Nc3 cxd4 5. Nxd4 Bb4 6. g3 O-O 7. Bg2 Qc7 8. Qb3 Na6 9. O-O Qa5 10. Bd2 Qh5 11. a3 Bxc3 12. Bxc3 d5 13. cxd5 exd5 14.
Rfd1 Nc5 15. Qc2 Nce4 16. Be1 Bh3 17. f3 Ng5 18. Bxh3 Qxh3 19. Qf5 Qh5 20. Bd2 Ne6 21. Qxh5 Nxh5 22. Bc3 Rfd8 23. Nf5 Kf8 24. Bb4+ Kg8 25. Rxd5 Nf6 26. Rxd8+ Rxd8 27. Kf2 h5 28. Ke1 Kh7 29. Rd1 Rc8 30. Bc3 Ne8 31.
Rd7 Nc5 32. Rxf7 Kg6 33. Rf8 Rd8 34. Nxg7 Nxg7 35. Rxd8 Nge6 36. Rd6 Kf5 37. Bb4 Nb3 38.
Rd7 b6 39. Rxa7 Ned4 40. Bc3 Nc2+ 41. Kf2 Nc5 42. Rc7 Kg5 43. Bd2+ Kf5 44. Be3 Nb3 45. Rc6 b5 46. Rb6 b4 47. Rxb4 Nxb4 48. axb4 Ke5 49.
Bc5 Kd5 50. h4 Nc1 51. g4 hxg4 52. fxg4 Nb3 53. Kf3 Kc4 54. h5 Nd2+ 55. Kf4 Kb5 56. h6 Nc4 57. h7 Nxb2 58. h8=Q Nc4 59. Qe8+ 1-0

[Event "*** SCC Grand Prix: Titled Tuesday Blitz"]
[Site "Chess.com"]
[Date "2020.08.25"]
[Round "1"]
[White "ShahMatKanal"]
[Black "NMZanette"]
[Result "1-0"]
[WhiteElo "2502"]
[BlackElo "2118"]
[TimeControl "180+1"]
[EndTime "10:08:23 PDT"]
[Termination "ShahMatKanal won by resignation"]

1. e4 e5 2. Nf3 Nc6 3. Bc4 Nf6 4. d3 Be7 5. O-O O-O 6. Re1 d6 7. a3 Be6 8. Nbd2 Bxc4 9. Nxc4 Re8 10. Bg5 h6 11.
Bxf6 Bxf6 12. Ne3 g6 13. Qd2 Bg7 14. b4 Kh7 15. b5 Ne7 16. c4 b6 17. a4 a5 18. Nd5 f5 19. Ra3 Qd7 20. Rc1 Rf8 21.
Ne1 Rf7 22. Nc2 h5 23. Rf1 Bh6 24. Qe2 Raf8 25. f3 Ng8 26. Nce3 Bxe3+ 27. Qxe3 f4 28. Qf2 g5 29. d4 Qe6 30. Rd1 exd4 31. Qxd4 Nf6 32. Ra2 Nxd5 33. cxd5 Qg6 34. h3 g4 35. hxg4 hxg4 36. Kf1 g3 37. Ke2 Qf6 38. Rh1+ Kg6 39.
Qxf6+ Rxf6 40. Rc2 R6f7 41. Kd3 Re8 42. Rh4 Rf6 43.
Rxc7 Re5 44. Rch7 Rf7 45. R4h6+ Kg5 46. Rh5+ Kf6 47. R7h6+ Ke7 48. Rxe5+ dxe5 49. Re6+ Kd7 50. Rxe5 Rh7 51. Rf5 Rh2 52. Rxf4 Rxg2 53. Rg4 Rg1 54. Ke3 Ra1 55. Rxg3 Rxa4 56. Rg7+ Kd6 57. Rg6+ Kc5 58. d6 Ra3+ 59. Kf4 Rd3 60. e5 a4 61.
Rg2 a3 62. Ke4 Kxb5 63. Kxd3 Kb4 64. d7 1-0

[Event "*** SCC Grand Prix: Titled Tuesday Blitz"]
[Site "Chess.com"]
[Date "2020.08.25"]
[Round "1"]
[White "Duong57"]
[Black "1977Ivan"]
[Result "0-1"]
[WhiteElo "2355"]
[BlackElo "2685"]
[TimeControl "180+1"]
[EndTime "10:08:24 PDT"]
[Termination "1977Ivan won by resignation"]

1. d4 Nf6 2. c4 Nc6 3. Nc3 e5 4.
Nf3 exd4 5. Nxd4 Bb4 6. e3 O-O 7. Be2 Ne4 8. Qc2 d5 9. O-O Nxd4 10. exd4 Bf5 11. Nxd5 Bd6 12. Bd3 Re8 13. Ne3 Bg6 14.
c5 Bf4 15. g3 Bh6 16. Ng2 Bxc1 17. Raxc1 Qxd4 18. Rfd1 Qf6 19. Nh4 Ng5 20. Bxg6 hxg6 21. Kg2 Qc6+ 22. f3 Re3 23. Qf2 Rae8 24. Re1 Rxe1 25.
Rxe1 Rxe1 26. Qxe1 Qxc5 27. Qf2 Qxf2+ 28. Kxf2 Kf8 29. Ke3 Ke7 30. Ng2 Kd6 31. Nf4 Ne6 32. Nd3 c5 33. f4 f6 34. Ke4 b5 35. Ne1 c4 36. Nf3 a6 37. Nh4 Nf8 38. Kd4 Kc6 39.
f5 g5 40. Ng2 Nd7 41. Ne3 Kd6 42. h3 Ne5 43. g4 Nf3+ 44. Ke4 Ng1 45. h4 gxh4 46. Kf4 Ne2+ 47. Kf3 Nd4+ 48. Ke4 Nc6 49. Nf1 Ne5 50. Nh2 h3 51. Kf4 Kd5 52. Kg3 b4 53.
Kxh3 c3 54. bxc3 bxc3 55. Nf1 Kd4 56. Kg3 c2 57. Nd2 Kd3 58. Nb3 Nc4 59. Kf2 Nd2 60.
Nc1+ Kc3 61. Ke3 Nc4+ 62. Ke2 a5 63. Nd3 a4 64. Nc1 Ne5 65. Ke1 Kb2 66. Kd2 Nf3+ 0-1

[Event "*** SCC Grand Prix: Titled Tuesday Blitz"]
[Site "Chess.com"]
[Date "2020.08.25"]
[Round "1"]
[White "Meri-Arabidze"]
[Black "Shushik"]
[Result "1-0"]
[WhiteElo "2603"]
[BlackElo "2271"]
[TimeControl "180+1"]
[EndTime "10:08:24 PDT"]
[Termination "Meri-Arabidze won by checkmate"]

1. d4 d5 2. c4 e6 3. Nf3 Nf6 4. Nc3 Be7 5. Bg5 O-O 6. e3 Nbd7 7. Qc2 c5 8. Rd1 dxc4 9. Bxc4 Qa5 10. O-O a6 11. dxc5 Nxc5 12. a3 b5 13. Ba2 b4 14.
Bb1 b3 15. Qe2 Bb7 16. Nd4 Nd5 17. Bxe7 Nxe7 18. Qh5 Ng6 19. Nf3 Bxf3 20. gxf3 Rad8 21. f4 Qc7 22. f5 exf5 23. Qxf5 Qc8 24. Qxc8 Rxc8 25.
Nd5 Rfe8 26. Rd4 Ne5 27. f4 Nc6 28. Rc4 Na5 29. Rd4 Nc6 30. Rd2 Ne7 31. Nb6 Rb8 32. Nc4 Kf8 33. Rfd1 Nc6 34. h4 Na7 35. h5 h6 36. Ne5 Nb5 37. Rd5 Rbc8 38. Rxc5 Rxc5 39. Nd7+ Ke7 40. Nxc5 Rc8 41. Ne4 Na7 42. Bd3 Nc6 43.
Kf2 Na5 44. Kf3 Nc4 45. Bxc4 Rxc4 46. Rd3 Rc2 47. Rxb3 Rh2 48. Rb7+ Ke6 49. Nc5+ Kd6 50. Nxa6 Rxh5 51. Rxf7 Rb5 52. Nb4 h5 53. Rxg7 h4 54. Rh7 h3 55. Rh6+ Kc5 56. Rxh3 Kc4 57. e4 Kb3 58. Rh2 Ka4 59. f5 Kb3 60. f6 Ka4 61. f7 Kb3 62. f8=Q Rf5+ 63. Qxf5 Ka4 64. Qc5 Kb3 65. Qc2# 1-0

[Event "*** SCC Grand Prix: Titled Tuesday Blitz"]
[Site "Chess.com"]
[Date "2020.08.25"]
[Round "1"]
[White "BlackBoarder"]
[Black "chessfrendz"]
[Result "1-0"]
[WhiteElo "2557"]
[BlackElo "2230"]
[TimeControl "180+1"]
[EndTime "10:08:25 PDT"]
[Termination "BlackBoarder won on time"]

1. e4 c5 2. Nf3 d6 3. c3 Nf6 4.
h3 Bd7 5. Bd3 g6 6. O-O Bg7 7. Bc2 O-O 8. d4 Qc7 9. Re1 Rd8 10. Bf4 Na6 11. e5 Nd5 12. Bg3 dxe5 13. Nxe5 Qc8 14. Nxd7 Qxd7 15. dxc5 Nxc5 16. Qf3 Rac8 17.
Na3 Ne6 18. Rad1 b5 19. Bb3 Rc5 20. Nc2 Qc6 21. Be5 Bxe5 22. Rxe5 Ndc7 23. Rxd8+ Nxd8 24. Qxc6 Rxc6 25. Rxe7 Kf8 26. Rd7 Ke8 27. Rd2 Nde6 28. Nd4 Rd6 29. Re2 Kd7 30. Nxe6 fxe6 31. f3 a6 32. Kf2 Nd5 33. g3 Nf6 34. Ke1 Nd5 35.
h4 Ne7 36. Re5 Nf5 37. h5 Nxg3 38. hxg6 hxg6 39. Rg5 Nf5 40. Rxg6 Nh4 41. Rg7+ Kc6 42. Re7 Nxf3+ 43. Ke2 Ng5 44. Ke3 Rd7 45. Re8 Kd6 46. Kf4 Rg7 47. Rd8+ Ke7 48. Ra8 Kf6 49. Rxa6 Rh7 50.
Rb6 Rh4+ 51. Kg3 Rh3+ 52. Kg4 Rh2 53. Rxb5 Rxb2 54. a4 Rb1 55. Bc2 1-0

[Event "*** SCC Grand Prix: Titled Tuesday Blitz"]
[Site "Chess.com"]
[Date "2020.08.25"]
[Round "1"]
[White "timator"]
[Black "rdclayton"]
[Result "1-0"]
[WhiteElo "2678"]
[BlackElo "2347"]
[TimeControl "180+1"]
[EndTime "10:08:26 PDT"]
[Termination "timator won on time"]

1. Nf3 d5 2. b3 c5 3. e3 Nc6 4.
Bb2 Bg4 5. h3 Bxf3 6. Qxf3 e5 7.
g4 Nf6 8. d3 h6 9. Nd2 Be7 10.
Bg2 Qd7 11. O-O O-O 12. c4 d4 13. Ne4 Rad8 14. Nxf6+ Bxf6 15. Rad1 Rfe8 16. Rfe1 Re7 17.
Ba3 Nb4 18. Bxb4 cxb4 19. Qd5 Qc7 20. Qb5 a5 21. exd4 Rxd4 22. Re4 b6 23. Rxd4 exd4 24. Kf1 Qf4 25. Qd5 Bh4 26. Qf3 Qe5 27. Qa8+ Re8 28. Qe4 Qxe4 29. Bxe4 g6 30. Bd5 Kg7 31. Rc1 Rc8 32. Re1 Kf6 33. Re4 Rc7 34. Rxd4 Re7 35. Rf4+ Kg7 36. Be4 Bf6 37. Rf3 Bd4 38. Ke2 h5 39. gxh5 f5 40. hxg6 fxe4 41. dxe4 Rxe4+ 42. Kd3 Rh4 43. Rf7+ Kxg6 44. Rf3 Bc5 45. Rg3+ Kf6 46.
Rf3+ Ke6 47. Rg3 Rd4+ 48. Ke2 Rf4 49. f3 Rf6 50. Rg5 Rf5 51. Rg4 Rf6 52. Rg5 Rf5 53. Rg4 Rh5 54. h4 Ke5 55. Kd3 Kd6 56. Ke4 Re5+ 57.
Kf4 Re2 58. Rg6+ Ke7 59. h5 Rxa2 60. Kg3 Rf2 61. h6 Rf1 62. Kh2 1-0

[Event "*** SCC Grand Prix: Titled Tuesday Blitz"]
[Site "Chess.com"]
[Date "2020.08.25"]
[Round "1"]
[White "Sophist4Life"]
[Black "German_Bazeev"]
[Result "1-0"]
[WhiteElo "2435"]
[BlackElo "2833"]
[TimeControl "180+1"]
[EndTime "10:08:27 PDT"]
[Termination "Sophist4Life won by resignation"]

1. d4 Nf6 2. c4 c6 3. Nc3 d5 4. Nf3 dxc4 5. a4 Bf5 6. e3 e6 7.
Ne5 Nbd7 8. Nxd7 Qxd7 9. Bxc4 a5 10. O-O Bb4 11. f3 O-O 12. e4 Bg6 13. Be3 Rad8 14.
Qb3 Qe7 15. Rad1 h6 16. Kh1 e5 17. d5 Nd7 18. dxc6 bxc6 19. Ne2 Nc5 20. Qc2 Ne6 21.
Bxe6 Qxe6 22. g4 h5 23. h3 Qf6 24. Ng3 Rxd1 25. Qxd1 Rd8 26. Qc2 c5 27. Kg2 Qe6 28. gxh5 Bh7 29. h6 gxh6 30. Rd1 Rc8 31. Rd5 c4 32. Qd1 Be7 33. Rxa5 Rb8 34. Rb5 Rd8 35. Qc2 Kh8 36. Rb6 Bd6 37. Bc5 Qe7 38. Rxd6 Rxd6 39. Bxd6 Qxd6 40. Qxc4 Qd2+ 41. Qe2 Qb4 42. Qc2 Bg6 43.
b3 h5 44. Ne2 h4 45. Qc3 Qe7 46. Qe3 Kh7 47. Qd2 Qa3 48. Nc1 f6 49. a5 Bh5 50. Qc3 Qf8 51. Ne2 Qg7+ 52. Kf2 Qa7+ 53. Ke1 Bf7 54. b4 Be6 55. b5 Bxh3 56. b6 Qa6 57. Qc7+ Kh6 58. b7 Bf1 59. Kxf1 Qd3 60.
b8=Q Qxf3+ 61. Ke1 Qxe4 62. Qcd8 1-0

[Event "*** SCC Grand Prix: Titled Tuesday Blitz"]
[Site "Chess.com"]
[Date "2020.08.25"]
[Round "1"]
[White "alexrustemov"]
[Black "Tactictic"]
[Result "0-1"]
[WhiteElo "2657"]
[BlackElo "2357"]
[TimeControl "180+1"]
[EndTime "10:08:28 PDT"]
[Termination "Tactictic won on time"]

1. Nf3 d5 2. d4 Nf6 3. c4 e6 4.
Nc3 Be7 5. Bg5 h6 6. Bh4 O-O 7. e3 b6 8. Bd3 Bb7 9. O-O Nbd7 10. Qe2 c5 11. Rfd1 Ne4 12. Bg3 Nxg3 13. hxg3 Qc7 14. Rac1 Rac8 15. cxd5 exd5 16. Ba6 Rfd8 17. Bxb7 Qxb7 18. dxc5 Nxc5 19. Nd4 Ne4 20. Nxe4 dxe4 21. Nf5 Bf6 22. Qg4 Kh7 23. b3 g6 24. Rxc8 Qxc8 25.
Rxd8 Bxd8 26. Nxh6 Qc1+ 27. Kh2 Kxh6 28. Qxe4 Bf6 29.
Qb7 Kg7 30. Qxa7 Qc5 31. Qa4 b5 32. Qe4 b4 33. f4 Bc3 34. Kg1 Qh5 35. Qd3 Qa5 36.
Qe2 Qa3 37. Kf2 Qc1 38. g4 f5 39. g5 Qd2 40. Qxd2 Bxd2 41. Kf3 Kf7 42. e4 Ke6 43. g4 fxe4+ 44. Kxe4 Kd6 45. f5 Bxg5 46. fxg6 Ke6 47. Kd4 Bc1 48. Ke4 Kf6 49. Kd3 Kxg6 50. Kc2 Ba3 51. Kd3 Kg5 52. Kc2 Kxg4 53. Kb1 Kf4 54. Kc2 Ke4 55. Kb1 Kd3 56. Ka1 Kc3 57. Kb1 Bb2 58. a4 bxa3 59. Ka2 Kb4 60. Kb1 Bf6 61.
Ka2 Be5 62. Kb1 Kxb3 0-1